 Dungeon Crawl Stone Soup version 0.30-a0-632-g346586fe48 (webtiles) character file.

Game seed: 5132210745831767379

17457 sokol815 the Frost Mage (level 12, -2/72 HPs)
             Began as an Octopode Fire Elementalist on Jan 13, 2023.
             Was an Initiate of Gozag.
             Slain by a catoblepas (24 damage)
             ... on level 2 of the Lair of Beasts.
             The game lasted 01:03:39 (18125 turns).

sokol815 the Frost Mage (OpFE)                     Turns: 18125, Time: 01:03:40

Health: -2/72      AC: 21    Str:  5    XL:     12   Next: 48%
Magic:  15/31      EV: 13    Int: 28    God:    Gozag
Gold:   1783       SH:  0    Dex: 18    Spells: 11/25 levels left

rFire   . . .      SeeInvis +    a - +3 short sword (protect)
rCold   . . .      Faith    .    (no shield)
rNeg    + . .      Spirit   .    f - +2 hat
rPois   +          Reflect  .    y - amulet of regeneration
rElec   .          Harm     .    T - ring of magical power {MP+9}
rCorr   +          Rampage  .    P - ring of poison resistance {rPois, !d}
Will    +++..                    W - ring of willpower
Stlth   ++++++                   L - ring "Jasekien" {rPois Will+ rCorr Str-3 Int+6}
HPRegen 1.12/turn                K - +6 ring of dexterity
MPRegen 0.22/turn                x - ring of willpower
                                 V - ring of see invisible {sInv, !d}
                                 h - ring of positive energy {rN+}

@: ice-armoured, under a protective aura, very slightly contaminated
A: almost no armour, amphibious, 8 rings, camouflage 1, gelatinous body 1,
(nimble swimmer 1), tentacles
a: Renounce Religion, Potion Petition, Call Merchant, Bribe Branch


You were on level 2 of the Lair of Beasts.
You worshipped Gozag.
Gozag was most pleased with you.
You visited 3 branches of the dungeon, and saw 14 of its levels.
You also visited: Bailey.

You collected 3208 gold pieces.
You paid 1425 gold pieces to Gozag.

Inventory:

Hand Weapons
 a - a +3 short sword of protection (weapon)
   (You took it off an orc on level 3 of the Dungeon)
 b - a +0 dagger of electrocution
   (You found it on level 3 of the Dungeon)
 l - a +3 dagger
   (You took it off an orc wizard on level 3 of the Dungeon)
 u - a +0 morningstar of protection
   (You found it on level 7 of the Dungeon)
 A - a +4 heavy short sword
   (You took it off a kobold on level 2 of the Dungeon)
 H - a +3 dagger of venom
   (You took it off an orc wizard on level 7 of the Dungeon)
Missiles
 m - 14 boomerangs
 o - 4 silver javelins
 s - 96 stones
 C - 6 curare-tipped darts
 Z - 50 poisoned darts
Armour
 f - a +2 hat (worn)
   (You found it on level 1 of the Dungeon)
 O - a +0 kite shield
   (You took it off a gnoll sergeant on level 9 of the Dungeon)
Magical Staves
 v - a staff of conjuration
   (You found it on level 4 of the Dungeon)
 w - a staff of fire {rF+}
   (You found it on level 11 of the Dungeon)
Jewellery
 c - a ring of ice {rC+, rF-}
   (You found it on level 11 of the Dungeon)
 g - a +6 ring of strength
   (You found it on level 2 of the Dungeon)
 h - a ring of positive energy (on tentacle) {rN+}
   (You found it on level 9 of the Dungeon)
 x - a ring of willpower (on tentacle)
   (You found it on level 7 of the Dungeon)
 y - an amulet of regeneration (around mantle)
   (You found it on level 5 of the Dungeon)
 K - a +6 ring of dexterity (on tentacle)
   (You found it on level 7 of the Dungeon)
 L - the ring "Jasekien" (on tentacle) {rPois Will+ rCorr Str-3 Int+6}
   (You acquired it on level 6 of the Dungeon)

   [ring of intelligence]

   Str:       It affects your strength (-3).
   Int:       It affects your intelligence (+6).
   rPois:     It protects you from poison.
   rCorr:     It protects you from acid and corrosion.
   Will:      It increases your willpower.
 P - a ring of poison resistance (right tentacle) {rPois, !d}
   (You found it on level 3 of the Dungeon)
 T - a ring of magical power (left tentacle) {MP+9}
   (You found it on level 10 of the Dungeon)
 V - a ring of see invisible (on tentacle) {sInv, !d}
   (You found it on level 9 of the Dungeon)
 W - a ring of willpower (on tentacle)
   (You found it on level 5 of the Dungeon)
Wands
 d - a wand of digging (6)
   (You found it on level 10 of the Dungeon)
 i - a wand of iceblast (26)
   (You found it on level 5 of the Dungeon)
 j - a wand of polymorph (1)
   (You found it on level 5 of the Dungeon)
 p - a wand of paralysis (11)
   (You found it on level 6 of the Dungeon)
 q - a wand of flame (36)
   (You took it off Pikel on level 4 of the Dungeon)
 t - a wand of light (3)
   (You took it off Blork the orc on level 4 of the Dungeon)
Scrolls
 k - 2 scrolls of fog
 n - a scroll of enchant armour
 D - 3 scrolls of blinking {!r}
 E - 2 scrolls of fear
 S - 2 scrolls of summoning
 X - a scroll of magic mapping {@r4!r}
 Y - 4 scrolls of teleportation {@r3}
Potions
 e - 2 potions of magic
 r - a potion of lignification {!q}
 B - a potion of brilliance
 F - 4 potions of degeneration {!q}
 G - a potion of ambrosia {!q}
 I - a potion of invisibility
 J - 3 potions of curing {@q1}
 N - a potion of heal wounds {@q2}
 Q - 3 potions of cancellation
 R - 2 potions of resistance
 U - 2 potions of mutation {!q}


   Skills:
 - Level 2.4 Fighting
 - Level 7.0 Short Blades
 - Level 2.0 Dodging
 - Level 12.0 Stealth
 * Level 7.3 Spellcasting
 - Level 3.0 Conjurations
 - Level 3.0 Fire Magic
 + Level 14.5 Ice Magic


You had 11 spell levels left.
You knew the following spells:

 Your Spells              Type           Power      Damage    Failure   Level
a - Foxfire               Conj/Fire      100%       2x1d9     1%          1
b - Ozocubu's Refrigerat  Ice            37%        4d15      12%         7
x - Mephitic Cloud        Conj/Pois/Air  15%        N/A       11%         3
A - Ozocubu's Armour      Ice            75%        N/A       1%          3

Your spell library contained the following spells:

 Spells                   Type           Power      Damage    Failure   Level
 Magic Dart               Conj           100%       1d8       1%          1
 Scorch                   Fire           54%        2d8       2%          2
 Static Discharge         Conj/Air       36%        2-4/arc   4%          2
 Slow                     Hex            40%        N/A       5%          1
 Summon Small Mammal      Summ           40%        N/A       5%          1
 Call Imp                 Summ           10%        N/A       9%          2
 Inner Flame              Hex/Fire       18%        N/A       9%          3
 Kindle Blastsparks       Fire/Tloc/Air  30%        2d12      11%         3
 Call Canine Familiar     Summ           10%        N/A       16%         3
 Confusing Touch          Hex            10%        N/A       16%         3
 Summon Guardian Golem    Hex/Summ       10%        N/A       16%         3
 Vampiric Draining        Necr           10%        2d6       16%         3
 Vhi's Electric Charge    Tloc/Air       20%        N/A       16%         3
 Flame Wave               Conj/Fire      27%        2d9       16%         4
 Iskenderun's Battlesphe  Conj           27%        2d8       41%         5
 Arcjolt                  Conj/Air       9%         1d19      63%         5
 Lightning Bolt           Conj/Air       9%         1d21      63%         5
 Iron Shot                Conj/Erth      9%         9d3       99%         6
 Spellforged Servitor     Conj/Summ      9%         N/A       100%        7


Dungeon Overview and Level Annotations

Branches:
Dungeon (11/15) Zot: 25410  Temple (0/1) D:4            Lair (2/5) D:9 Zot: 11851
    Orc (1/2) D:9 Zot: 5504  Bailey (visited)
  Swamp: Lair:2-3    Shoals: Lair:2-3     Snake: Lair:2-3    Spider: Lair:2-3

Altars:
Dithmenos
Fedhas
Gozag
Hepliaklqana
Makhleb
Nemelex Xobeh
Okawaru
Sif Muna
Trog
Uskayaw
Wu Jian
Xom
Yredelemnul
The Shining One

Shops:
D:6 (   D:10 ((

Annotations:
D:7 4 runed translucent doors
Lair:1 exclusions: basilisk, water moccasin and 2 yaks
Lair:2 exclusion: hydra


Innate Abilities, Weirdness & Mutations

You cannot wear most types of armour.
You are amphibious.
You can wear up to eight rings at the same time.
Your skin changes colour to match your surroundings (Stealth+).
Your rubbery body absorbs attacks. (AC +1, EV +1)
((You are camouflaged when in or above water. (Stealth+)))
You have tentacles for arms and can constrict up to eight enemies at once.


Message History

There is a staircase to the Lair here.
You climb downwards.
Welcome back to the Lair of Beasts!
Level annotation: exclusions: basilisk, water moccasin and 2 yaks
There is a staircase back to the Dungeon here.
Okay, then.
You fade into invisibility!
Unknown command.
Really wriggle into a travel-excluded area?
A yak comes into view. 2 yaks come into view.
A sourceless malevolence fills the Lair of Beasts...
You fall into a shaft and drop 1 floor!
The shaft crumbles and collapses.
A wyvern comes into view.
You flicker for a moment.
The helpless wyvern fails to defend itself.
You spit the wyvern like a pig!!!
Your weapon exudes an aura of protection.
You kill the wyvern!
You flicker back into view.
You now have 1783 gold pieces (gained 21).
A six-headed hydra comes into view.
A catoblepas comes into view.
A centaur comes into view.
The catoblepas bellows!
This spell is dangerous to cast!
Memorise Mephitic Cloud, consuming 3 spell levels and leaving 11?
You start memorising the spell.
You continue memorising. x3
You finish memorising.
Spell assigned to 'x'.
Aim: a catoblepas (chance to affect: 34%)
The ball explodes into a vile cloud!
The stinking cloud engulfs the catoblepas but does no damage.
You hear a howl! x3; You hear a shout!
The catoblepas is engulfed in noxious fumes.
The catoblepas is distracted by your dazzling golden aura.
You now have 28/31 mp.
The ball explodes into a vile cloud!
The stinking cloud engulfs you but does no damage.
The stinking cloud engulfs the catoblepas but does no damage.
The catoblepas is no longer distracted by gold.
The catoblepas bellows!
You hear a roar!
You hear a shout!
You hear a croak.
The catoblepas is engulfed in noxious fumes.
The catoblepas appears confused.
You now have 25/31 mp.
You hit the catoblepas.
Your weapon exudes an aura of protection.
The catoblepas is engulfed in noxious fumes.
The catoblepas gores you but does no damage.
You hit the catoblepas but do no damage.
You squeeze the catoblepas.
Aim: a catoblepas (noxious fumes, lightly wounded, confused, chance to affect: 34%)
The ball explodes into a vile cloud!
The stinking cloud engulfs the catoblepas but does no damage.
The stinking cloud engulfs you but does no damage.
You hear an angry hiss.
You hear a bellow!
You hear an angry hiss.
The catoblepas is engulfed in noxious fumes.
The catoblepas gores you!!
You take 23 damage, and have 49/72 hp.
MASSIVE DAMAGE!!
You now have 22/31 mp.
You hit the catoblepas. A film of ice covers your body!
The catoblepas is engulfed in noxious fumes.
You now have 20/31 mp.
You hit the catoblepas.
You squeeze the catoblepas, but do no damage.
The catoblepas is engulfed in noxious fumes.
Aim: a catoblepas (lightly wounded, confused, chance to affect: 34%)
The ball explodes into a vile cloud!
The stinking cloud engulfs the catoblepas but does no damage.
The stinking cloud engulfs you but does no damage.
You hear a roar!
You hear an angry hiss.
You hear a bellow! x2
You hear a howl!
You hear a shout!
You hear an angry hiss.
The catoblepas seems less confused.
The catoblepas is engulfed in noxious fumes.
The catoblepas barely misses you.
You now have 17/31 mp.
Aim: a catoblepas (noxious fumes, lightly wounded, chance to affect: 34%)
You miscast Mephitic Cloud.
You are very lightly contaminated with residual magic.
Nothing appears to happen.
The catoblepas is engulfed in noxious fumes.
The catoblepas gores you!!
You take 22 damage, and have 31/72 hp.
MASSIVE DAMAGE!!
You now have 14/31 mp.
You hit the catoblepas. You squeeze the catoblepas.
You hit the catoblepas but do no damage.
You squeeze the catoblepas, but do no damage.
The catoblepas is engulfed in noxious fumes.
The catoblepas appears confused.
You catch the helpless catoblepas completely off-guard!
You impale the catoblepas!! The catoblepas gores you!
* * * LOW HITPOINT WARNING * * *
You take 13 damage, and have 20/72 hp.
You hit the catoblepas.
You hit the catoblepas but do no damage.
You squeeze the catoblepas, but do no damage.
The catoblepas gores you!!
You die...
Your body crumbles into a pile of gold.

..........## .
...!....?.P# ..
...........# ...
#....## ....
#.....#### .....
#......#.#####......
#.....°.............
#......Y..###......c
#.....°.@## ...Y...
########.## .....?.
#..# ....... #..#
.......
#..##........
#...........)
#..........
#....##..Y# #...#.
...


You could see a catoblepas (confused).

Vanquished Creatures
  2 vault guards (Bailey)
  A boulder beetle (D:7)
  A centaur warrior (D:11)
  Pikel (D:4)
  An orc knight (Orc:1)
  A deep elf pyromancer (D:11)
  A cyclops (D:11)
  A komodo dragon (D:10)
  A kobold demonologist (D:7)
  2 trolls
  3 polar bears (D:9)
  A hornet (D:8)
  Prince Ribbit (Bailey)
  Grinder (D:4)
  A shadow (D:10)
  Sigmund (D:4)
  A wraith (D:10)
  9 yaks
  3 wyverns
  2 vampires
  4 humans (Bailey)
  A steam dragon (D:6)
  9 vampire mosquitoes
  Menkaure (D:4)
  3 wargs
  An acid dragon (D:10)
  Edmund (D:4)
  6 orc warriors
  4 black bears
  An ice beast (D:4)
  5 centaurs
  A tengu (D:7)
  2 ogres
  2 wolves
  5 phantoms
  4 lemures (D:4)
  7 kobold brigands
  9 bullfrogs
  2 gnoll sergeants
  Blork the orc (D:4)
  2 scorpions
  8 wights
  3 howler monkeys
  14 electric eels
  7 hounds
  A gnoll bouda (D:7)
  7 orc priests
  A jelly (D:7)
  4 iguanas
  15 orc wizards
  2 centaur simulacra (D:9)
  A killer bee simulacrum (D:9)
  6 adders
  33 gnolls
  A shadow imp (D:7)
  5 white imps
  6 ufetubi
  2 worms (D:3)
  2 dart slugs
  99 orcs
  9 ball pythons
  6 endoplasms
  2 giant cockroaches
  13 goblins
  10 hobgoblins
  11 jackals (D:3)
  5 quokkas
  4 bats
  10 frilled lizards (D:2)
  20 kobolds
  6 rats
419 creatures vanquished.

Vanquished Creatures (collateral kills)
  6 foxfires
6 creatures vanquished.

Vanquished Creatures (others)
  1400 foxfires
  A fungus (Lair:2)
  51 plants
1452 creatures vanquished.

Grand Total: 1877 creatures vanquished

Notes
Turn   | Place    | Note
-------+----------+-------------------------------------------
     0 | D:1      | sokol815 the Octopode Fire Elementalist began the quest for
                  | the Orb.
     0 | D:1      | Reached XP level 1. HP: 11/11 MP: 3/3
   323 | D:1      | Reached XP level 2. HP: 17/17 MP: 5/5
   870 | D:1      | Reached skill level 3 in Spellcasting
   870 | D:1      | Reached XP level 3. HP: 21/21 MP: 1/7
  1737 | D:2      | Reached skill level 2 in Conjurations
  2017 | D:2      | Reached XP level 4. HP: 27/27 MP: 2/8
  2646 | D:2      | Learned a level 3 spell: Ozocubu's Armour
  2888 | D:3      | Reached skill level 1 in Ice Magic
  2889 | D:3      | Reached skill level 3 in Conjurations
  2967 | D:3      | Found a shadowy altar of Dithmenos.
  3036 | D:3      | Reached XP level 5. HP: 31/31 MP: 7/10
  3434 | D:3      | Reached skill level 2 in Ice Magic
  3547 | D:3      | Reached XP level 6. HP: 36/36 MP: 7/11
  3654 | D:3      | Reached skill level 3 in Ice Magic
  3666 | D:3      | Reached skill level 4 in Spellcasting
  4273 | D:3      | Reached skill level 4 in Ice Magic
  4273 | D:3      | Reached XP level 7. HP: 41/41 MP: 7/13
  4770 | D:3      | Reached skill level 5 in Ice Magic
  4892 | D:3      | Found a blossoming altar of Fedhas.
  4909 | D:3      | Found a basalt altar of Yredelemnul.
  4913 | D:3      | Found a sparkling altar of Nemelex Xobeh.
  4941 | D:3      | Found an opulent altar of Gozag.
  4950 | D:3      | Became a worshipper of Gozag Ym Sagoz the Greedy
  5322 | D:4      | Reached skill level 5 in Spellcasting
  5374 | D:4      | Found a staircase to the Ecumenical Temple.
  5375 | D:4      | Noticed Menkaure
  5411 | D:4      | Reached skill level 1 in Short Blades
  5504 | D:4      | Noticed Grinder
  5515 | D:4      | Killed Grinder
  5516 | D:4      | Reached skill level 2 in Short Blades
  5516 | D:4      | Reached XP level 8. HP: 43/46 MP: 5/15
  5696 | D:4      | Noticed Pikel
  5699 | D:4      | Reached skill level 3 in Short Blades
  5705 | D:4      | Killed Pikel
  5706 | D:4      | Reached skill level 4 in Short Blades
  5706 | D:4      | Reached skill level 7 in Ice Magic
  5706 | D:4      | Reached skill level 3 in Stealth
  5846 | D:4      | Reached skill level 4 in Stealth
  6152 | D:4      | Killed Menkaure
  6153 | D:4      | Reached skill level 5 in Stealth
  6287 | D:4      | Noticed Blork the orc
  6419 | D:4      | Noticed Edmund
  6433 | D:4      | Killed Edmund
  6434 | D:4      | Reached skill level 6 in Stealth
  6591 | D:4      | Found an ornate altar of the Wu Jian Council.
  6625 | D:4      | Killed Blork the orc
  6626 | D:4      | Reached skill level 7 in Stealth
  6626 | D:4      | Reached XP level 9. HP: 51/51 MP: 7/16
  6696 | D:4      | Noticed Sigmund
  6703 | D:4      | Killed Sigmund
  6704 | D:4      | Reached skill level 8 in Stealth
  6893 | D:4      | HP: 6/51 [ice beast (7)]
  7164 | D:5      | Entered Level 5 of the Dungeon
  7347 | D:5      | Reached skill level 5 in Short Blades
  7759 | D:5      | Reached skill level 6 in Short Blades
  7823 | D:5      | Learned a level 7 spell: Ozocubu's Refrigeration
  8413 | D:6      | Identified a scroll of acquirement
  8413 | D:6      | Acquired the ring "Jasekien" {rPois Will+ rCorr Str-3
                  | Int+6}
  8432 | D:6      | Found a bloodstained altar of Trog.
  8437 | D:6      | Found a shimmering blue altar of Sif Muna.
  8438 | D:6      | Found a shimmering altar of Xom.
  8476 | D:6      | Reached skill level 8 in Ice Magic
  8494 | D:6      | HP: 9/51 [something/ball of steam (15)]
  8689 | D:6      | Found a glowing golden altar of the Shining One.
  8789 | D:6      | Found a burning altar of Makhleb.
  8854 | D:6      | Found Xoaky's Antique Weapon Shop.
  9232 | D:6      | Found a hide-covered altar of Uskayaw.
  9277 | D:7      | Reached skill level 9 in Ice Magic
  9331 | D:7      | Reached XP level 10. HP: 56/56 MP: 9/17
  9447 | D:7      | Found a flagged portal.
  9483 | Bailey   | Entered a bailey
  9509 | Bailey   | Reached skill level 10 in Ice Magic
  9772 | Bailey   | Noticed a vault guard
  9811 | Bailey   | Killed a vault guard
  9812 | Bailey   | Reached skill level 11 in Ice Magic
  9886 | Bailey   | Noticed a vault guard
  9886 | Bailey   | Noticed Prince Ribbit
  9912 | Bailey   | Killed a vault guard
  9913 | Bailey   | Reached skill level 12 in Ice Magic
  9916 | Bailey   | Killed Prince Ribbit
 10418 | D:7      | Found a large runed translucent door.
 10420 | D:7      | Found a large runed translucent door.
 10453 | D:7      | Noticed a kobold demonologist
 10466 | D:7      | Killed a kobold demonologist
 10529 | D:7      | Found a large runed translucent door.
 10529 | D:7      | Found a large runed translucent door.
 10560 | D:7      | Reached XP level 11. HP: 61/61 MP: 16/18
 10700 | D:7      | Noticed a boulder beetle
 10722 | D:7      | Killed a boulder beetle
 10723 | D:7      | Reached skill level 9 in Stealth
 10723 | D:7      | Reached skill level 13 in Ice Magic
 11606 | D:8      | Reached skill level 10 in Stealth
 11610 | D:8      | HP: 13/61 [yak (10)]
 12219 | D:8      | Reached skill level 11 in Stealth
 12733 | D:9      | Found an iron altar of Okawaru.
 12810 | D:9      | Found a hazy altar of Hepliaklqana.
 13577 | D:9      | Reached skill level 12 in Stealth
 13726 | D:9      | Found a staircase to the Lair.
 14057 | D:9      | HP: 8/61 [troll (11)]
 14125 | D:9      | Found a staircase to the Orcish Mines.
 14375 | D:10     | Entered Level 10 of the Dungeon
 14418 | D:10     | Reached skill level 1 in Fighting
 15024 | D:10     | Reached skill level 14 in Ice Magic
 15024 | D:10     | Reached XP level 12. HP: 69/70 MP: 19/19
 15246 | D:10     | Reached skill level 2 in Fighting
 15246 | D:10     | Reached skill level 7 in Short Blades
 15790 | D:10     | Upgraded the game from 0.30-a0-629-gd54f4be4f7 to
                  | 0.30-a0-632-g346586fe48
 15817 | Lair:1   | Entered Level 1 of the Lair of Beasts
 16408 | D:11     | Reached skill level 6 in Spellcasting
 16541 | D:11     | Noticed a centaur warrior
 16550 | D:11     | Killed a centaur warrior
 17347 | Orc:1    | Entered Level 1 of the Orcish Mines
 17398 | Orc:1    | Reached skill level 7 in Spellcasting
 17540 | Orc:1    | Noticed an orc warlord
 17908 | Orc:1    | HP: 8/72 [orc warlord/+0 great mace (26)]
 18071 | Lair:1   | You fall into a shaft and drop 1 floor!
 18082 | Lair:2   | Noticed a six-headed hydra
 18093 | Lair:2   | Noticed a catoblepas
 18111 | Lair:2   | Learned a level 3 spell: Mephitic Cloud
 18125 | Lair:2   | Slain by a catoblepas

Illustrated notes

Levels and vault maps discovered:
D:1:      erik_arrival_cave_to_civilisation [erik_arrival_cave_to_hall],
          layout_basic, serial_bayou_crossing
D:2:      layout_basic, minmay_lizard_king
D:3:      lemuel_castle_with_subvaults [lemuel_castle_interior_carwin_1],
          layout_basic, old_standard_altar, nicolae_dithmenos_shadow_blocks,
          minmay_overflow_temple_star_quad
D:4:      layout_basic, mainiacjoe_overflow_24_doors,
          minmay_temple_entry_antechambers, serial_co_window_serial,
          co_window_paths_a, co_window_paths_b, co_window_corner_a,
          co_window_paths_b, co_window_corner_a, co_window_cross_4,
          co_window_broadway_b, co_window_cross_4, co_window_of_opportunity_b,
          co_window_4corner_b, co_window_4corner_a, uniq_menkaure, uniq_grinder,
          uniq_pikel, uniq_sigmund, uniq_edmund, uniq_blork_the_orc
D:5:      layout_gridville
D:6:      layout_rooms, mainiacjoe_overflow_alcove_2,
          chequers_temple_overflow_statue_of_worship, tso_oasis_becter,
          nicolae_uskayaw_suspiria, serial_shops, nicolae_stop_n_shop_2,
          kennysheep_crisscross, hangedman_abyss_or_decor_passed
D:7:      layout_basic, enter_bailey_5, minmay_hollow_rounded_squares
D:8:      layout_loops_ring, serial_bayou, serial_bayou_pond_a,
          serial_bayou_lake_a, serial_bayou_lagoon_a, serial_bayou_pond_d,
          st_stairs_3, blue_anna_alchemist
D:9:      layout_roguey, mainiacjoe_overflow_boulevard,
          mainiacjoe_overflow_cross_hatched, erik_lair_orcish_takeover,
          hiddenorc2_lemuel, serial_ice, serial_ice_e, serial_ice_h,
          serial_ice_g, serial_ice_b, serial_ice_i, serial_ice_f
D:10:     layout_loops_corners, hangedman_glass_teeth, wad_rectangle_vault
D:11:     layout_irregular_city, corexii_hall_statues_l
Lair:1:   layout_hall_layers
Lair:2:   nzn_winding_woodlands_stair_cross
          [nzn_winding_woodlands_5x15_sawtooth,
          nzn_winding_woodlands_center_triple_pond,
          nzn_winding_woodlands_5x15_crooked,
          nzn_winding_woodlands_5x5_checkerboard,
          nzn_winding_woodlands_5x5_cross,
          nzn_winding_woodlands_5x15_sidewinder,
          nzn_winding_woodlands_center_pierced_h,
          nzn_winding_woodlands_5x15_pockets], layout_chaotic_city,
          minmay_shoals_entry_centaurs, uniq_nergalle
Orc:1:    cheibrodos_orc_arena, layout_diamond_mine

Skill      XL: |  1  2  3  4  5  6  7  8  9 10 11 12 |
---------------+-------------------------------------+-----
Spellcasting   | 3 4 5 7 |  7.3
Conjurations   | 2 3 |  3.0
Ice Magic      | 1 2 4 5 7 9 12 14 | 14.5
Short Blades   | 2 4 6 7 |  7.0
Stealth        | 7 8 12 | 12.0
Fighting       | 1 2 |  2.4
Dodging        | |  2.0
Fire Magic     | |  3.0

Action                   |  1- 3 |  4- 6 |  7- 9 | 10-12 || total
-------------------------+-------+-------+-------+-------++-------
Melee: Unarmed           |     4 |       |       |       ||     4
       Dagger            |    10 |       |    74 |   234 ||   318
       Constrict         |     3 |     5 |    21 |    58 ||    87
       Tentacles         |     3 |     5 |    27 |   133 ||   168
       Short sword       |     3 |    30 |    35 |   206 ||   274
       Punch             |       |       |       |     7 ||     7
 Cast: Foxfire           |    48 |   118 |   259 |   393 ||   818
       Ozocubu's Armour  |       |       |     3 |    48 ||    51
       Ozocubu's Refrige |       |       |       |     3 ||     3
       Mephitic Cloud    |       |       |       |     4 ||     4
Invok: Call Merchant     |       |       |       |     2 ||     2
Evoke: Wand              |       |       |       |    43 ||    43
  Use: Scroll            |     5 |     4 |    11 |     9 ||    29
       Potion            |       |       |       |     9 ||     9
 Stab: Sleeping          |     4 |     5 |     2 |    20 ||    31
       Distracted        |       |       |       |     2 ||     2
       Confused          |       |       |       |     1 ||     1
Armor: Skin              |       |     2 |    24 |   151 ||   177
Dodge: Dodged            |     8 |    16 |    54 |   237 ||   315

Table legend: (Time is in decaauts)
 A = Elapsed time spent in this place.
 B = Non-inter-level travel time spent in this place.
 C = Inter-level travel time spent in this place.
 D = Time resting spent in this place.
 E = Time spent auto-exploring this place.
 F = Levels seen in this place.
 G = Mean time per level.
                   A        B        C        D        E       F      G
               +--------+--------+--------+--------+--------+-----+--------+
         Total |  17962 |  17247 |    715 |   3628 |   9949 |  15 | 1197.5 |
       Dungeon |  16803 |  16098 |    705 |   3290 |   9683 |  11 | 1527.5 |
          Lair |    147 |    138 |      9 |      0 |     53 |   2 |   73.5 |
  Orcish Mines |    495 |    495 |      0 |    119 |    144 |   1 |  495.0 |
        Bailey |    516 |    516 |      0 |    219 |     69 |   1 |  516.0 |
               +--------+--------+--------+--------+--------+-----+--------+

Top non-repeatable levels by time:
     D:3: 2406 daAuts
     D:8: 1900 daAuts
     D:4: 1876 daAuts
     D:9: 1806 daAuts
     D:1: 1595 daAuts
    D:10: 1471 daAuts
    D:11: 1365 daAuts
     D:2: 1275 daAuts
     D:5: 1176 daAuts
     D:7: 1017 daAuts
     D:6: 912 daAuts
  Bailey: 516 daAuts
   Orc:1: 495 daAuts
  Lair:1: 97 daAuts
  Lair:2: 50 daAuts

Table legend:
 A = Kills in this place as a percentage of kills in entire the game.
 B = Kills by you in this place as a percentage of kills by you in the entire game.
 C = Kills by friends in this place as a percentage of kills by friends in the entire game.
 D = Other kills in this place as a percentage of other kills in the entire game.
 E = Experience gained in this place as a percentage of experience gained in the entire game.
 F = Experience gained in this place divided by the number of levels of this place that you have seen.
                   A       B       C       D       E      F
               +-------+-------+-------+-------+-------+----------------------
         Total | 100.0 | 100.0 |   N/A |   N/A | 100.0 | 1662.6
       Dungeon |  92.3 |  92.3 |   N/A |   N/A |  81.2 | 1841.4
          Lair |   0.2 |   0.2 |   N/A |   N/A |   0.9 | 107.0
  Orcish Mines |   2.7 |   2.7 |   N/A |   N/A |   3.8 | 936.0
        Bailey |   4.8 |   4.8 |   N/A |   N/A |  14.2 | 3534.0
               +-------+-------+-------+-------+-------+----------------------
